 Dungeon Crawl Stone Soup version 0.31-a0-1093-gadecf4124d (webtiles) character file.

Game seed: 13191651834758541355

193 wamuu the Covert (level 5, 0/25 HPs)
             Began as a Spriggan Brigand on Nov 29, 2023.
             Slain by Natasha (8 damage)
             ... on level 3 of the Dungeon.
             The game lasted 00:05:27 (1971 turns).

wamuu the Covert (Spriggan Brigand)                 Turns: 1971, Time: 00:05:28

Health: 0/25       AC:  3    Str:  7    XL:     5   Next: 44%
Magic:  6/6        EV: 16    Int: 13    God:
Gold:   113        SH:  0    Dex: 18    Spells: 4/4 levels left

rFire   . . .        a - +2 dagger
rCold   . . .        (no shield)
rNeg    . . .        b - +0 robe
rPois   .            (helmet restricted)
rElec   .            c - +0 cloak
rCorr   .            (gloves unavailable)
SInv    +            (boots unavailable)
Will    .....        (no amulet)
Stlth   +++++        (no ring)
HPRegen 0.24/turn    (no ring)
MPRegen 0.10/turn

%: no passive effects
@: very quick
A: very small, no large weapons, unfitting armour, see invisible, speed 3
a: no special abilities


You were on level 3 of the Dungeon.
You visited 1 branch of the dungeon, and saw 3 of its levels.

You collected 113 gold pieces.

Inventory:

Hand Weapons
 a - a +2 dagger (weapon)
Missiles
 d - 9 poisoned darts (quivered)
 e - 3 curare-tipped darts
 r - 4 throwing nets
Armour
 b - a +0 robe (worn)
 c - a +0 cloak (worn)
Jewellery
 p - a +5 ring of evasion
Wands
 q - a wand of mindburst (18)
Scrolls
 f - 3 scrolls of fog
 g - a scroll of teleportation {unknown}
 i - a scroll of enchant weapon {unknown}
 k - 2 scrolls of noise {unknown}
 s - a scroll of revelation {unknown}
 t - a scroll of blinking {unknown}
Potions
 h - a potion of enlightenment {unknown}
 j - 2 potions of curing {unknown}
 l - 2 potions of attraction {unknown}
 m - a potion of lignification {unknown}
 n - 2 potions of might {unknown}
 o - 3 potions of heal wounds {unknown}


   Skills:
 - Level 1.5 Fighting
 - Level 2.1 Short Blades
 - Level 2.0 Throwing
 - Level 1.3 Dodging
 + Level 10.3 Stealth


You had 4 spell levels left.
You didn't know any spells.
Your spell library was empty.

Dungeon Overview and Level Annotations

Branches:
Dungeon (3/15)

Altars:
Trog
Zin

Annotations:
D:3 Natasha


Innate Abilities, Weirdness & Mutations

You are very small and have problems with some larger weapons.
You are too small for most types of armour.
You have supernaturally acute eyesight. (SInv)
You cover ground extremely quickly. (Speed+++)


Message History

Found a glowing silver altar of Zin.
Found a scroll of fog.
You start resting.
HP restored.
There is a glowing silver altar of Zin here.
f - 3 scrolls of fog (gained 1) Natasha is nearby!
Natasha hisses angrily.
You hit Natasha but do no damage. Natasha barely misses you.
You hit Natasha but do no damage.
Natasha stares at you and mumbles some strange words.
The magic dart hits you!
You are too injured to fight recklessly!
You are too injured to fight recklessly!
You are too injured to fight recklessly!
You are too injured to fight recklessly!
You hit Natasha.
Natasha is moderately wounded.
You barely miss Natasha.
Natasha is moderately wounded.
Natasha misses you.
You hit Natasha.
Natasha is heavily wounded.
Natasha claws you!
You hit Natasha.
Natasha is severely wounded.
Natasha closely misses you.
You closely miss Natasha.
Natasha is severely wounded.
Natasha casts a spell.
You closely miss Natasha.
Natasha is severely wounded.
Natasha claws you but does no damage.
You closely miss Natasha.
Natasha is severely wounded.
The cerulean imp hits you from afar with a +0 spear.
Natasha growls.
Natasha claws you!
You die...
Natasha curls up and begins to purr.

#.##.###..# #.# ##
#.##.#...##..####.# #.
#......_.......##.#####
#.
##..##...#.###.##..)..#
#. #.
##.##.###.######.###.
#..###....##..........)..
#......#####........).###
#......#####.........)#
##.....@...........)..###
#......h5...............
##########..............
#................
#................
#................
#....)#######.... #...).#
#.... ##.....#######....


You could see Natasha and a cerulean imp (summoned).

Vanquished Creatures
  A gnoll bouda (D:3)
  Natasha (twice) (D:3)
  3 adders
  4 gnolls
  5 orcs (D:3)
  A bat (D:2)
  4 endoplasms
  3 giant cockroaches
  6 goblins
  6 hobgoblins
  3 jackals (D:2)
  A ball python (D:2)
  2 frilled lizards (D:3)
  6 rats
47 creatures vanquished.

Notes
Turn   | Place    | Note
-------+----------+-------------------------------------------
     0 | D:1      | wamuu the Spriggan Brigand began the quest for the Orb.
     0 | D:1      | Reached XP level 1. HP: 10/10 MP: 2/2
    57 | D:1      | Reached skill level 6 in Stealth
   326 | D:1      | Reached XP level 2. HP: 13/14 MP: 3/3
   414 | D:1      | Reached skill level 7 in Stealth
   767 | D:2      | Reached XP level 3. HP: 18/18 MP: 4/4
   956 | D:2      | Reached skill level 8 in Stealth
  1338 | D:3      | Found a bloodstained altar of Trog.
  1536 | D:3      | Reached XP level 4. HP: 18/22 MP: 5/5
  1625 | D:3      | Reached skill level 9 in Stealth
  1753 | D:3      | Noticed Natasha
  1760 | D:3      | Killed Natasha
  1761 | D:3      | Reached XP level 5. HP: 25/25 MP: 6/6
  1784 | D:3      | Reached skill level 10 in Stealth
  1859 | D:3      | Noticed Natasha
  1877 | D:3      | Killed Natasha
  1891 | D:3      | Noticed Natasha
  1893 | D:3      | Found a glowing silver altar of Zin.
  1971 | D:3      | Slain by Natasha

Illustrated notes

Levels and vault maps discovered:
D:1:      mainiacjoe_arrival_reflecting_pool, layout_basic, minivault_27
D:2:      layout_basic
D:3:      layout_basic, bloody_trog, nicolae_overflow_crystal_walls,
          uniq_natasha

Skill      XL: |  1  2  3  4  5 |
---------------+----------------+-----
Stealth        | 6 7 8 9 10 | 10.3
Fighting       | |  1.5
Short Blades   | |  2.1
Throwing       | |  2.0
Dodging        | |  1.3

Action                     |  1- 3 |  4- 6 || total
---------------------------+-------+-------++-------
  Melee: Dagger            |    97 |    54 ||   151
         Punch             |     1 |     1 ||     2
  Throw: Dart              |       |    12 ||    12
    Use: Scroll            |     1 |       ||     1
   Stab: Sleeping          |    10 |     4 ||    14
         Distracted        |     1 |     1 ||     2
 Armour: Robe              |    33 |    20 ||    53
  Dodge: Dodged            |    53 |    30 ||    83

Table legend: (Time is in decaauts)
 A = Elapsed time spent in this place.
 B = Non-inter-level travel time spent in this place.
 C = Inter-level travel time spent in this place.
 D = Time resting spent in this place.
 E = Time spent auto-exploring this place.
 F = Levels seen in this place.
 G = Mean time per level.
                   A        B        C        D        E       F      G
               +--------+--------+--------+--------+--------+-----+--------+
         Total |   1330 |   1303 |     27 |     50 |    912 |   3 |  443.3 |
       Dungeon |   1330 |   1303 |     27 |     50 |    912 |   3 |  443.3 |
               +--------+--------+--------+--------+--------+-----+--------+

Top non-repeatable levels by time:
     D:3: 479 daAuts
     D:2: 452 daAuts
     D:1: 398 daAuts
